 Dungeon Crawl Stone Soup version 0.30.1-11-g7821555f0a (webtiles) character file.

Game seed: 13527306608188337123

1579 ChristianGnoll the Sneak (level 8, -17/66 HPs)
             Began as a Gnoll Enchanter on Nov 12, 2023.
             Was a Believer of Nemelex Xobeh.
             Demolished by an ice beast (21 damage)
             ... on level 7 of the Dungeon.
             The game lasted 00:24:23 (7187 turns).

ChristianGnoll the Sneak (Gnoll Enchanter)          Turns: 7187, Time: 00:24:39

Health: -17/66     AC:  2    Str:  8    XL:     8   Next: 91%
Magic:  17/17      EV: 14    Int: 16    God:    Nemelex Xobeh [**....]
Gold:   289        SH:  0    Dex: 13    Spells: 0/19 levels left

rFire   + . .        t - +4 quarterstaff (chaos)
rCold   x . .        (shield currently unavailable)
rNeg    . . .        b - +0 robe
rPois   .            (no helmet)
rElec   .            (no cloak)
rCorr   .            (no gloves)
SInv    +            (no boots)
Will    .....        (no amulet)
Stlth   +++          i - ring of fire
HPRegen 0.31/turn    (no ring)
MPRegen 0.15/turn

%: no passive effects
@: no status effects
A: fangs 1, strong nose, distributed training, see invisible, robust 1
a: Renounce Religion, Draw Escape, Draw Destruction, Draw Summoning


You were on level 7 of the Dungeon.
You worshipped Nemelex Xobeh.
Nemelex Xobeh was pleased with you.
You visited 2 branches of the dungeon, and saw 8 of its levels.

You collected 289 gold pieces.

Inventory:

Hand Weapons
 j - a +2 sling of draining
 t - a +4 quarterstaff of chaos (weapon)
Armour
 b - a +0 robe (worn)
Jewellery
 h - a ring of flight
 i - a ring of fire (left hand)
Wands
 q - a wand of mindburst (8)
 r - a wand of iceblast (3)
 s - a wand of digging (3)
 y - a wand of flame (7)
 z - a wand of light (10)
Scrolls
 a - a scroll of poison
 d - a scroll of blinking
 m - 5 scrolls of teleportation
 n - 2 scrolls of torment
 p - a scroll of fear
 v - 2 scrolls of fog
Potions
 c - 2 potions of invisibility
 e - 4 potions of cancellation
 f - 3 potions of flight
 g - 3 potions of heal wounds {unknown}
 k - 4 potions of curing
 l - 2 potions of mutation
 o - a potion of berserk rage {unknown}
 u - a potion of might
 w - a potion of resistance {unknown}


   Skills:
 + Level 3.8 Fighting
 + Level 4.6 Short Blades
 + Level 3.8 Long Blades
 + Level 3.8 Axes
 + Level 3.8 Maces & Flails
 + Level 3.8 Polearms
 + Level 3.8 Staves
 + Level 3.8 Ranged Weapons
 + Level 3.8 Throwing
 + Level 3.8 Armour
 + Level 6.0 Dodging
 + Level 7.2 Stealth
 + Level 3.8 Shields
 + Level 3.8 Unarmed Combat
 + Level 6.3 Spellcasting
 + Level 3.1 Conjurations
 + Level 6.3 Hexes
 + Level 3.1 Summonings
 + Level 3.1 Necromancy
 + Level 3.1 Translocations
 + Level 3.1 Transmutations
 + Level 3.1 Fire Magic
 + Level 3.1 Ice Magic
 + Level 3.1 Air Magic
 + Level 3.1 Earth Magic
 + Level 3.1 Poison Magic
 + Level 4.2 Invocations
 + Level 3.8 Evocations


You couldn't memorise any spells.
You knew the following spells:

 Your Spells              Type           Power      Damage    Failure   Level
a - Ensorcelled Hibernat  Hex/Ice        40%        N/A       2%          2
b - Tukima's Dance        Hex            25%        N/A       3%          3
c - Confusing Touch       Hex            25%        N/A       3%          3
d - Dazzling Flash        Conj/Hex       40%        N/A       5%          3
e - Wereblood             Tmut           15%        N/A       5%          2
f - Blink                 Tloc           30%        N/A       5%          2
g - Manifold Assault      Tloc           15%        N/A       34%         4

Your spell library contained the following spells:

 Spells                   Type           Power      Damage    Failure   Level
 Kiss of Death            Conj/Necr      60%        2d10      3%          1
 Sting                    Tmut/Pois      60%        1d6       3%          1
 Poisonous Vapours        Pois/Air       30%        N/A       5%          2
 Sublimation of Blood     Necr           15%        N/A       5%          2
 Dispel Undead            Necr           15%        3d10      34%         4
 Olgreb's Toxic Radiance  Pois           15%        N/A       34%         4
 Storm Form               Tmut/Air       7%         N/A       100%        7
 Summon Hydra             Summ           7%         N/A       100%        7


Dungeon Overview and Level Annotations

Branches:
Dungeon (7/15)             Temple (1/1) D:4

Altars:
Ashenzari
Cheibriados
Dithmenos
Elyvilon
Fedhas
Gozag
Hepliaklqana
Kikubaaqudgha
Makhleb
Nemelex Xobeh
Okawaru
Qazlal
Ru
Sif Muna
Trog
Uskayaw
Vehumet
Wu Jian
Xom
Yredelemnul
Zin
The Shining One

Shops:
D:2 (   D:4 :   D:6 (


Innate Abilities, Weirdness & Mutations

You have very sharp teeth.
Your uncanny sense of smell can sniff out nearby items.
Your experience applies equally to all skills.
You have supernaturally acute eyesight. (SInv)
You are robust. (+10% HP)


Message History

An ice beast is nearby!
You sense an unholy aura.
j - a +2 sling of draining (weapon)
Fire: j) +2 sling (drain)
Press: ? - help, Q - select action, (/) - cycle Shift-Dir - straight line, f - ice beast
Aim: an ice beast (wandering, hasn't noticed you, 59% to hit)
You shoot a sling bullet.
The sling bullet barely misses the ice beast.
Unknown command.
Fire: j) +2 sling (drain)
Press: ? - help, Q - select action, (/) - cycle Shift-Dir - straight line, f/p - ice beast
Aim: an ice beast (59% to hit)
You shoot a sling bullet.
The sling bullet barely misses the ice beast.
Fire: j) +2 sling (drain)
Press: ? - help, Q - select action, (/) - cycle Shift-Dir - straight line, f/p - ice beast
Aim: an ice beast (59% to hit)
You shoot a sling bullet. The sling bullet hits the ice beast.
The ice beast is lightly wounded.
Fire: j) +2 sling (drain)
Press: ? - help, Q - select action, (/) - cycle Shift-Dir - straight line, f/p - ice beast
Aim: an ice beast (lightly wounded, 59% to hit)
You shoot a sling bullet.
The sling bullet closely misses the ice beast.
Unknown command.
Your +4 quarterstaff of chaos is briefly surrounded by a scintillating aura of random colours.
t - a +4 quarterstaff of chaos (weapon)
You thump the ice beast!
Lightning courses through the ice beast!
The ice beast is almost dead.
The ice beast hits you. The ice beast freezes you!
You feel a terrible chill!
You closely miss the ice beast.
The ice beast is almost dead.
The ice beast hits you. The ice beast freezes you!!
You feel a terrible chill!
* * * LOW HITPOINT WARNING * * *
The ice beast hits you.
* * * LOW HITPOINT WARNING * * *
The ice beast freezes you!!
You feel a terrible chill!
You die...
Your body disappears without a glow.

#.##...###.##
##.#......#.#
#..#...##...#
###.#...## ..
∆ ##......## .
#..#..### ∆
#....##
#...######
#....Y@..#
#........#
............#
............#
.......#######
......# ......
.....


You could see an ice beast.

Vanquished Creatures
  A wyvern (D:7)
  Edmund (D:3)
  2 water moccasins
  A black bear (D:6)
  An ice beast (D:6)
  An ogre (D:5)
  A bullfrog (D:7)
  A scorpion (D:5)
  A jelly (D:5)
  A sleepcap (D:4)
  3 hounds (D:5)
  Natasha (thrice) (D:4)
  5 iguanas
  6 orc wizards
  4 gnolls (D:6)
  An adder (D:5)
  A shadow imp (D:5)
  2 ufetubi
  2 worms
  2 dart slugs (D:5)
  10 orcs
  7 endoplasms
  2 giant cockroaches
  5 goblins
  4 hobgoblins
  3 jackals (D:5)
  7 kobolds
  4 quokkas
  6 ball pythons
  A bat (D:3)
  2 frilled lizards (D:2)
  4 rats
95 creatures vanquished.

Vanquished Creatures (collateral kills)
  Crazy Yiuf (D:4)
  An orc wizard (D:5)
  An orc (D:5)
3 creatures vanquished.

Vanquished Creatures (others)
  A dancing weapon (D:5)
1 creature vanquished.

Grand Total: 99 creatures vanquished

Notes
Turn   | Place    | Note
-------+----------+-------------------------------------------
     0 | D:1      | ChristianGnoll the Gnoll Enchanter began the quest for the
                  | Orb.
     0 | D:1      | Reached XP level 1. HP: 13/13 MP: 6/6
   378 | D:1      | Reached XP level 2. HP: 19/19 MP: 7/7
   381 | D:1      | Learned a level 2 spell: Ensorcelled Hibernation
   465 | D:2      | Found Xiluuxti's Weapon Boutique.
  1210 | D:1      | Reached skill level 5 in Spellcasting
  1210 | D:1      | Reached XP level 3. HP: 25/25 MP: 7/9
  1214 | D:1      | Learned a level 3 spell: Tukima's Dance
  1218 | D:1      | Learned a level 3 spell: Confusing Touch
  1222 | D:1      | Learned a level 3 spell: Dazzling Flash
  1517 | D:3      | Reached skill level 6 in Stealth
  1835 | D:3      | Reached skill level 1 in Invocations
  1995 | D:4      | Noticed Edmund
  2010 | D:3      | Killed Edmund
  2011 | D:3      | Reached skill level 1 in Fighting
  2011 | D:3      | Reached skill level 1 in Long Blades
  2011 | D:3      | Reached skill level 1 in Axes
  2011 | D:3      | Reached skill level 1 in Maces & Flails
  2011 | D:3      | Reached skill level 1 in Polearms
  2011 | D:3      | Reached skill level 1 in Staves
  2011 | D:3      | Reached skill level 1 in Ranged Weapons
  2011 | D:3      | Reached skill level 1 in Throwing
  2011 | D:3      | Reached skill level 1 in Armour
  2011 | D:3      | Reached skill level 1 in Shields
  2011 | D:3      | Reached skill level 1 in Unarmed Combat
  2011 | D:3      | Reached skill level 1 in Conjurations
  2011 | D:3      | Reached skill level 1 in Summonings
  2011 | D:3      | Reached skill level 1 in Necromancy
  2011 | D:3      | Reached skill level 1 in Translocations
  2011 | D:3      | Reached skill level 1 in Transmutations
  2011 | D:3      | Reached skill level 1 in Fire Magic
  2011 | D:3      | Reached skill level 1 in Ice Magic
  2011 | D:3      | Reached skill level 1 in Air Magic
  2011 | D:3      | Reached skill level 1 in Earth Magic
  2011 | D:3      | Reached skill level 1 in Poison Magic
  2011 | D:3      | Reached skill level 1 in Evocations
  2011 | D:3      | Reached XP level 4. HP: 16/32 MP: 8/11
  2011 | D:3      | Reached XP level 5. HP: 19/37 MP: 8/12
  2232 | D:4      | Found a staircase to the Ecumenical Temple.
  2244 | Temple   | Entered the Ecumenical Temple
  2414 | Temple   | Became a worshipper of Nemelex Xobeh the Trickster
  2720 | D:4      | Noticed Natasha
  2723 | D:4      | Killed Natasha
  2724 | D:4      | Reached XP level 6. HP: 44/44 MP: 14/14
  2729 | D:4      | Learned a level 2 spell: Wereblood
  2766 | D:4      | Found a runed translucent door.
  2767 | D:4      | Noticed Crazy Yiuf
  2779 | D:4      | Killed Crazy Yiuf
  2780 | D:4      | Reached skill level 5 in Dodging
  2820 | D:4      | Found Aleav's Tiny Tomes.
  3213 | D:4      | Noticed Natasha
  3222 | D:4      | Killed Natasha
  3305 | D:4      | Noticed Natasha
  3337 | D:4      | Killed Natasha
  3594 | D:1      | Reached * piety under Nemelex Xobeh
  3992 | D:5      | Entered Level 5 of the Dungeon
  4059 | D:5      | Reached XP level 7. HP: 51/51 MP: 15/15
  4426 | D:5      | Received a gift from Nemelex Xobeh
  4539 | D:5      | Gained mutation: You occasionally shout uncontrollably at
                  | your foes. [potion of mutation]
  4540 | D:5      | Lost mutation: You occasionally shout uncontrollably at
                  | your foes. [potion of mutation]
  4540 | D:5      | Gained mutation: You sometimes lose your temper in combat.
                  | [potion of mutation]
  4541 | D:5      | Lost mutation: You sometimes lose your temper in combat.
                  | [potion of mutation]
  4541 | D:5      | Gained mutation: You have supernaturally acute eyesight.
                  | (SInv) [potion of mutation]
  4541 | D:5      | Gained mutation: You are robust. (+10% HP) [potion of
                  | mutation]
  5054 | D:5      | Reached XP level 8. HP: 53/63 MP: 16/16
  5501 | D:6      | HP: 3/63 [ice beast (16)]
  5702 | D:6      | Found Habaimeo's Antique Weapon Boutique.
  5744 | D:6      | Reached ** piety under Nemelex Xobeh
  5979 | D:6      | Found a blossoming altar of Fedhas.
  5979 | D:6      | Found a sacrificial altar of Ru.
  5979 | D:6      | Found an ornate altar of the Wu Jian Council.
  5985 | D:6      | Found a shimmering altar of Xom.
  5990 | D:6      | Found a white marble altar of Elyvilon.
  6003 | D:6      | Found a stormy altar of Qazlal.
  6004 | D:6      | Found a bloodstained altar of Trog.
  6007 | D:6      | Found a burning altar of Makhleb.
  6011 | D:6      | Found a shimmering blue altar of Sif Muna.
  6012 | D:6      | Found a glowing golden altar of the Shining One.
  6232 | D:6      | Reached skill level 7 in Stealth
  6402 | D:6      | Learned a level 2 spell: Blink
  6407 | D:6      | Learned a level 4 spell: Manifold Assault
  6648 | D:6      | Found a glowing silver altar of Zin.
  6693 | D:6      | Found an opulent altar of Gozag.
  7138 | D:7      | Noticed a wyvern
  7152 | D:7      | Killed a wyvern
  7187 | D:7      | Demolished by an ice beast

Illustrated notes

Levels and vault maps discovered:
D:1:      amcnicky_arrival_single_pillar, layout_loops_corners
D:2:      layout_basic, serial_shops, nicolae_shop_statue_plus, kennysheep_boxes
D:3:      layout_basic
D:4:      layout_loops_corners, temple_fountains,
          nicolae_shop_i_like_small_books_too, uniq_crazy_yiuf_cottage,
          uniq_natasha, uniq_edmund
D:5:      layout_layer_cave
D:6:      layout_basic, pdpol_temple_overflow_zin_treasury_gozag_greed,
          nicolae_overflow_hallway_of_the_gods, serial_shops, shop,
          minmay_a_box_with_orc_wizards_in_it
D:7:      layout_rooms, chequers_serial_rivers_micro_d, minmay_misc_feat_columns
Temple:   compressed_dpeg_circular_temple

Skill      XL: |  1  2  3  4  5  6  7  8 |
---------------+-------------------------+-----
Spellcasting   | 5 6 |  6.3
Stealth        | 6 7 |  7.2
Invocations    | 1 2 3 4 |  4.2
Fighting       | 1 2 3 |  3.8
Short Blades   | 3 4 |  4.6
Long Blades    | 1 2 3 |  3.8
Axes           | 1 2 3 |  3.8
Maces & Flails | 1 2 3 |  3.8
Polearms       | 1 2 3 |  3.8
Staves         | 1 2 3 |  3.8
Ranged Weapons | 1 2 3 |  3.8
Throwing       | 1 2 3 |  3.8
Armour         | 1 2 3 |  3.8
Shields        | 1 2 3 |  3.8
Unarmed Combat | 1 2 3 |  3.8
Conjurations   | 1 2 3 |  3.1
Summonings     | 1 2 3 |  3.1
Necromancy     | 1 2 3 |  3.1
Translocations | 1 2 3 |  3.1
Transmutations | 1 2 3 |  3.1
Fire Magic     | 1 2 3 |  3.1
Ice Magic      | 1 2 3 |  3.1
Air Magic      | 1 2 3 |  3.1
Earth Magic    | 1 2 3 |  3.1
Poison Magic   | 1 2 3 |  3.1
Evocations     | 1 2 3 |  3.8
Dodging        | 5 6 |  6.0
Hexes          | 6 |  6.3

Action                     |  1- 3 |  4- 6 |  7- 9 || total
---------------------------+-------+-------+-------++-------
  Melee: Dagger            |    34 |    16 |       ||    50
         Bite              |     2 |       |    10 ||    12
         Punch             |       |     1 |       ||     1
         Quarterstaff      |       |    16 |    97 ||   113
   Fire: Sling             |    16 |    45 |    66 ||   127
   Cast: Ensorcelled Hiber |     7 |       |     1 ||     8
         Tukima's Dance    |     1 |     3 |     5 ||     9
 Invoke: Draw Destruction  |       |       |     2 ||     2
         Draw Summoning    |       |       |     1 ||     1
  Evoke: Wand              |     3 |     1 |     6 ||    10
    Use: Scroll            |     5 |     1 |     5 ||    11
         Potion            |       |     1 |     3 ||     4
   Stab: Sleeping          |     9 |       |     1 ||    10
         Petrified         |       |       |     1 ||     1
 Armour: Robe              |     7 |     9 |    17 ||    33
  Dodge: Dodged            |    17 |    25 |   102 ||   144
